Map: 2000 Atmospheres LE

Players

Bly - Winner!

  • Race: Zerg Zerg

Stephano

  • Race: Zerg Zerg

Event: DreamHack SC2 Masters 2021 Fall

VOD

Have the link to the VOD?

Description

Time

  • Played on: July 31, 2021, 3:19 p.m.
  • Length: 15:36

All games in this series

Show
View Real Time Build Order
Export as new Build Order

Bly Zerg - Winner!

Build Orders: Hatch First, Muta Ling Bane 

Get SALT Encoding   

  12  0:00  Drone  
  13  0:12  Overlord  
  13  0:17  Drone  
  14  0:31  Drone x2  
  16  0:47  Hatchery  
  15  0:50  Drone  
  15  0:54  Drone  
  17  0:58  Drone  
  18  1:08  Extractor  
  17  1:13  Spawning Pool  
  17  1:16  Drone  
  17  1:19  Drone  
  18  1:28  Drone  
  19  1:38  Drone  
  20  1:53  Overlord  
  20  2:00  Queen  
  20  2:01  Queen  
  24  2:02  Drone x2  
  26  2:12  Drone  
  26  2:13  Drone  
  28  2:22  Drone x2  
  30  2:33  Zergling x2, Overlord  
  31  2:39  Queen  
  31  2:41  Lair  
  33  2:45  Drone x2  
  35  2:54  Drone x2  
  37  3:02  Roach Warren  
  37  3:05  Drone x2  
  37  3:10  Drone x6  
  44  3:14  Extractor  
  44  3:16  Extractor  
  44  3:18  Overlord  
  42  3:27  Extractor, Overlord  
  41  3:35  Overlord  
  41  3:36  Evolution Chamber  
  39  3:42  Drone x7  
  39  3:47  Drone  
  47  3:52  Spire  
  47  3:54  Drone x2  
  48  4:04  Drone  
  48  4:08  Zerg Melee Weapons Level 1  
  49  4:13  Drone x4  
  49  4:17  Overlord  
  53  4:26  Overlord  
  53  4:31  Hatchery  
  53  4:36  Metabolic Boost  
  52  4:43  Overlord  
  52  4:58  Evolution Chamber  
  52  5:07  Mutalisk x2  
  52  5:09  Mutalisk x3  
  52  5:11  Mutalisk  
  64  5:18  Mutalisk x2  
  68  5:28  Zerg Flyer Weapons Level 1  
  68  5:29  Drone x3  
  68  5:33  Extractor  
  68  5:35  Extractor  
  69  5:39  Mutalisk  
  71  5:44  Drone x5  
  71  5:45  Hatchery  
  75  5:51  Mutalisk  
  77  6:02  Zergling x2  
  77  6:03  Zergling x10  
  83  6:08  Zergling x8  
  87  6:15  Drone x3  
  87  6:17  Zerg Melee Weapons Level 2  
  90  6:22  Baneling Nest  
  89  6:34  Mutalisk  
  89  6:35  Mutalisk x3  
  89  6:36  Overlord x2  
  89  6:38  Overlord  
  89  6:39  Overlord  
  97  6:43  Overlord  
  97  6:44  Drone, Overlord  
  97  6:46  Overlord  
  94  6:55  Mutalisk  
  94  6:56  Mutalisk x2  
  94  7:01  Zergling x8  
  96  7:10  Mutalisk  
  96  7:11  Mutalisk  
  96  7:13  Overseer  
  98  7:17  Overseer  
  98  7:21  Overseer  
  98  7:22  Overseer  
  98  7:26  Drone x4  
  98  7:28  Spine Crawler x3  
  99  7:31  Drone x3  
  99  7:32  Drone x5  
  99  7:35  Drone x2  
  97  7:39  Baneling x4  
  97  7:41  Drone  
  91  7:44  Baneling x3  
  91  7:47  Overseer  
  91  7:49  Overseer  
  91  7:51  Drone x2  
  93  8:03  Centrifical Hooks  
  91  8:17  Drone x2  
  91  8:18  Drone x7  
  91  8:19  Drone, Spine Crawler x2  
  95  8:23  Spore Crawler  
  95  8:24  Drone x2  
  95  8:25  Drone  
  97  8:39  Pneumatized Carapace  
  97  8:41  Mutalisk  
  97  8:42  Mutalisk x4  
  97  8:45  Overseer  
  107  8:59  Zergling x2  
  107  9:00  Zergling x22  
  115  9:13  Zerg Flyer Weapons Level 2  
  115  9:19  Mutalisk x4  
  123  9:28  Drone x8  
  123  9:29  Spine Crawler  
  130  9:49  Zergling x20  
  140  9:56  Baneling x9  
  140  10:06  Baneling x13  
  140  10:07  Baneling x2  
  138  10:17  Zerg Ground Armor Level 1  
  138  10:21  Infestation Pit  
  137  10:30  Overlord  
  137  10:32  Overlord  
  129  10:41  Mutalisk  
  129  10:42  Mutalisk x4  
  128  10:43  Zergling x14  
  128  10:44  Zergling x10  
  134  10:56  Zergling x18  
  133  11:05  Overseer  
  133  11:10  Drone x4  
  136  11:13  Extractor, Hatchery  
  134  11:19  Baneling x12  
  134  11:22  Drone x10  
  144  11:26  Extractor  
  144  11:31  Hive  
  143  11:33  Zerg Flyer Armor Level 1  
  137  11:47  Zergling x8  
  137  11:48  Overlord x3  
  141  11:55  Baneling x7  
  141  11:58  Baneling x7  
  141  12:02  Mutalisk x3  
  147  12:14  Overseer  
  133  12:21  Zergling x34  
  133  12:36  Overseer x3  
  133  12:40  Baneling x10  
  133  12:41  Baneling x4  
  133  12:43  Zerg Missile Weapons Level 1  
  144  12:44  Roach x12  
  144  12:49  Baneling x5  
  154  12:53  Zergling x10  
  137  13:15  Mutalisk  
  137  13:16  Mutalisk x3  
  137  13:18  Overlord  
  137  13:19  Corruptor, Overlord  
  140  13:20  Overlord  
  123  13:28  Drone  
  123  13:29  Drone x9  
  129  13:48  Mutalisk x4  
  119  14:12  Overseer  
  111  14:17  Mutalisk x4  
  111  14:18  Mutalisk  
  111  14:19  Zergling x2  
  111  14:20  Zergling x14  
  111  14:22  Extractor x2  
  117  14:31  Hatchery, Ultralisk Cavern  
  117  14:32  Zergling x12  
  121  14:43  Zergling x8  
  125  14:57  Drone x9  
  134  15:00  Hatchery  
  134  15:04  Baneling x4  
  134  15:05  Baneling x2  
  134  15:06  Baneling x12  
Show
View Real Time Build Order
Export as new Build Order

Stephano Zerg 

Build Orders: Hatch First, Lurkers 

Get SALT Encoding   

  12  0:00  Drone  
  13  0:12  Overlord  
  13  0:16  Drone  
  14  0:30  Drone x2  
  16  0:47  Hatchery  
  15  0:50  Drone  
  15  0:54  Drone  
  17  0:57  Drone  
  18  1:08  Extractor  
  17  1:12  Spawning Pool  
  17  1:15  Drone  
  17  1:19  Drone  
  18  1:27  Drone  
  19  1:38  Drone  
  20  1:49  Drone  
  21  1:59  Queen  
  21  2:00  Queen  
  25  2:01  Drone  
  25  2:02  Drone  
  27  2:11  Overlord  
  27  2:12  Zergling x2, Metabolic Boost  
  28  2:27  Hatchery  
  27  2:30  Drone  
  27  2:32  Drone  
  27  2:33  Drone  
  30  2:40  Drone  
  31  2:45  Drone x2  
  31  2:50  Baneling Nest  
  32  2:54  Drone  
  32  2:55  Drone  
  33  3:05  Overlord  
  33  3:08  Drone x3  
  33  3:12  Overlord  
  36  3:15  Extractor  
  36  3:16  Extractor  
  36  3:17  Drone x2  
  39  3:20  Evolution Chamber  
  39  3:23  Roach Warren  
  39  3:25  Queen  
  39  3:32  Zergling x6  
  42  3:42  Drone  
  42  3:44  Drone x2  
  42  3:45  Drone x2  
  42  3:47  Drone x3  
  42  3:48  Extractor  
  49  3:54  Overlord  
  49  3:55  Drone x2  
  51  3:59  Zerg Missile Weapons Level 1  
  51  4:04  Overlord  
  51  4:06  Drone x2  
  53  4:11  Lair  
  53  4:13  Overlord  
  53  4:21  Extractor, Drone x3  
  53  4:22  Roach x2  
  61  4:24  Roach  
  61  4:28  Roach  
  61  4:29  Roach  
  65  4:39  Drone x2, Overlord  
  65  4:41  Roach x2  
  65  4:45  Roach x3  
  77  4:55  Roach x2  
  77  4:56  Overlord  
  81  5:02  Overlord  
  81  5:08  Overlord  
  81  5:09  Roach x4  
  81  5:12  Extractor  
  81  5:13  Glial Reconstitution  
  88  5:14  Drone x2  
  88  5:17  Overlord  
  90  5:24  Drone  
  90  5:26  Drone x3  
  94  5:28  Overseer  
  94  5:31  Queen x2  
  94  5:32  Overlord  
  98  5:41  Queen  
  99  5:45  Drone x2  
  100  5:53  Zerg Ground Armor Level 1, Evolution Chamber  
  99  6:02  Spore Crawler  
  99  6:03  Spore Crawler x2  
  99  6:04  Drone x5  
  99  6:09  Overlord  
  99  6:10  Drone x3  
  104  6:18  Overlord  
  104  6:22  Overlord  
  103  6:34  Tunneling Claws  
  103  6:35  Burrow, Zerg Missile Weapons Level 2  
  103  6:37  Drone  
  103  6:38  Drone  
  105  6:40  Extractor  
  105  6:41  Overlord  
  102  6:51  Overlord  
  102  6:52  Drone x5  
  102  6:53  Queen, Drone  
  103  6:55  Overlord  
  103  6:56  Drone x2  
  103  6:57  Overlord  
  103  7:01  Overlord  
  103  7:02  Drone  
  103  7:03  Spore Crawler  
  102  7:12  Overlord  
  102  7:18  Roach x5  
  102  7:19  Roach  
  114  7:26  Roach x2  
  118  7:33  Queen x2  
  100  7:44  Spore Crawler  
  100  7:46  Spore Crawler, Queen, Roach x8  
  100  7:50  Spore Crawler  
  97  7:51  Spore Crawler  
  97  7:52  Spore Crawler, Drone  
  97  7:53  Drone x3, Hydralisk Den  
  97  7:54  Extractor  
  97  7:55  Spore Crawler  
  90  8:00  Spore Crawler  
  87  8:09  Pneumatized Carapace  
  79  8:18  Drone x3  
  79  8:19  Drone x6  
  86  8:20  Infestation Pit  
  86  8:22  Drone x4  
  89  8:29  Drone x2  
  89  8:32  Zerg Ground Armor Level 2  
  91  8:44  Drone x5  
  96  8:52  Muscular Augments  
  96  9:02  Hydralisk, Hive  
  93  9:03  Hydralisk x3  
  93  9:07  Overlord  
  101  9:12  Hydralisk  
  101  9:13  Hydralisk  
  105  9:17  Extractor  
  105  9:19  Spore Crawler  
  103  9:25  Lurker Den  
  102  9:31  Hydralisk  
  102  9:32  Hydralisk x6  
  116  9:45  Hydralisk x5  
  120  9:47  Overseer  
  126  10:03  Grooved Spines  
  126  10:15  Spore Crawler  
  126  10:16  Spore Crawler  
  126  10:18  Hydralisk x7  
  138  10:24  Overlord  
  138  10:26  Lurker  
  138  10:27  Lurker  
  118  10:40  Hydralisk x6  
  97  10:59  Drone x13  
  97  11:02  Lurker  
  97  11:03  Lurker  
  112  11:05  Drone x3  
  115  11:19  Adaptive Talons  
  115  11:32  Spore Crawler  
  115  11:34  Spore Crawler  
  115  11:36  Spore Crawler  
  112  11:42  Drone x4  
  112  11:45  Spore Crawler  
  112  11:46  Hydralisk  
  115  11:47  Hydralisk x4  
  115  11:52  Zerg Missile Weapons Level 3  
  125  11:56  Drone x2  
  125  11:57  Drone  
  125  11:58  Drone  
  126  12:20  Hydralisk x5  
  113  12:29  Hydralisk x2  
  117  12:39  Hydralisk x3  
  121  12:52  Hydralisk x2  
  121  12:53  Hydralisk x2  
  125  13:02  Hydralisk  
  125  13:03  Hydralisk x2  
  122  13:18  Hydralisk  
  119  13:24  Hydralisk  
  101  13:47  Drone x5  
  106  14:09  Drone  
  88  14:15  Drone x10  
  88  14:16  Drone  
  88  14:40  Hydralisk x2  
  88  14:45  Viper  
  92  14:47  Hatchery  
  94  15:01  Hydralisk  

Tags
 
Add a new tag
Caveats
  • Supply blocks, unpowered buildings, or Contaminate may cause inaccurate times.
  • Supply counts are checked every 10 seconds.